 Dungeon Crawl Stone Soup version 0.24.1-14-gf8d2b509d9 (webtiles) character file.

Game seed: 6405503424057411056, levelgen mode: deterministic

145 dialouliti the Chiller (level 5, -2/38 HPs)
             Began as a Centaur Ice Elementalist on Apr 28, 2020.
             Slain by an orc warrior
             ... wielding a +0 battleaxe
              (14 damage)
             ... on level 4 of the Dungeon on May 25, 2020.
             The game lasted 00:30:03 (3015 turns).

dialouliti the Chiller (Centaur Ice Elementalist)   Turns: 3015, Time: 00:30:04

Health: -2/38      AC:  7    Str: 14    XL:     5   Next: 6%
Magic:  0/8        EV:  8    Int: 14    God:
Gold:   99         SH:  0    Dex: 10    Spells: 5/8 levels left

rFire    . . .     SeeInvis .   j - +0 dagger
rCold    . . .     Gourm    .   (no shield)
rNeg     . . .     Faith    .   l - +0 ring mail
rPois    .         Spirit   .   (no helmet)
rElec    .         Reflect  .   e - +1 cloak
rCorr    .         Harm     .   (no gloves)
MR       .....                  (no barding)
Stlth    ..........             (no amulet)
HPRegen  0.12/turn              n - +3 ring of strength
MPRegen  0.11/turn              (no ring)

@: very quick
A: large, hooves 3, deformed body, speed 2, tough skin 3
a: no special abilities


You were on level 4 of the Dungeon.
You were very hungry.

You visited 1 branch of the dungeon, and saw 4 of its levels.

You collected 99 gold pieces.

Inventory:

Hand Weapons
 j - a +0 dagger (weapon)
 m - a +0 whip
Missiles
 g - 108 stones
 o - 2 boomerangs (quivered)
 v - 7 silver javelins
Armour
 a - a +0 robe
 e - a +1 cloak (worn)
 i - a +0 ring mail
 l - a +0 ring mail (worn)
 p - a +0 shield
Jewellery
 n - a +3 ring of strength (left hand)
 u - a cursed ring of attention {unknown}
 w - a +6 amulet of reflection {unknown}
Scrolls
 b - a scroll of enchant armour {unknown}
 h - a scroll of remove curse {unknown}
 k - 2 scrolls of identify {unknown}
 t - a scroll of teleportation {unknown}
Potions
 d - a potion of heal wounds {unknown}
 f - a potion of flight
 q - a potion of magic
 r - a potion of invisibility {unknown}
Comestibles
 c - 6 rations


   Skills:
 + Level 0.2 Fighting
 + Level 1.0 Short Blades
 + Level 1.0 Armour
 + Level 1.8 Dodging
 + Level 1.2 Stealth
 + Level 2.4 Spellcasting
 + Level 0.8 Conjurations
 + Level 3.8 Ice Magic


You had 5 spell levels left.
You knew the following spells:

 Your Spells              Type           Power        Failure   Level  Hunger
a - Freeze                Ice            ##..         10%         1    #......
b - Throw Frost           Conj/Ice       #.....       26%         2    ###....

Your spell library contained the following spells:

 Spells                   Type           Power        Failure   Level  Hunger
 Ozocubu's Armour         Chrm/Ice       #.......     54%         3    ###....
 Throw Icicle             Conj/Ice       #.......     87%         4    #####..
 Summon Ice Beast         Ice/Summ       #.......     91%         4    #####..


Dungeon Overview and Level Annotations

Branches:
Dungeon (4/15)
 Temple: D:4-7

Altars:
Qazlal


Innate Abilities, Weirdness & Mutations

You have hooves in place of feet.
Armour fits poorly on your strangely shaped body.
You cover ground very quickly.
You have extremely tough skin. (AC +3)


Message History

Aim: an orc warrior, wielding a +0 battleaxe and wearing a +0 chain mail (lightly wounded)
You freeze the orc warrior.
The orc warrior is lightly wounded.
Casting: Freeze (safe; 10% risk of failure)
Confirm with . or Enter, or press ? or * to list all spells.
Aiming: Freeze (safe; 10% risk of failure)
Press: ? - help, Shift-Dir - straight line, f/p - orc warrior
Aim: an orc warrior, wielding a +0 battleaxe and wearing a +0 chain mail (lightly wounded)
You freeze the orc warrior!
The orc warrior is heavily wounded.
The orc warrior barely misses you.
Casting: Freeze (safe; 10% risk of failure)
Confirm with . or Enter, or press ? or * to list all spells.
Aiming: Freeze (safe; 10% risk of failure)
Press: ? - help, Shift-Dir - straight line, f/p - orc warrior
Aim: an orc warrior, wielding a +0 battleaxe and wearing a +0 chain mail (heavily wounded)
You freeze the orc warrior.
The orc warrior is severely wounded.
The orc warrior hits you with a +0 battleaxe!
You die...

... ... ##=#
#...# ....###
#...### ?
#.....## ...
#..#..(###.....
...#####o@.......
##. ###....... #
#...... ......
..... ..... .?..
....


You could see an orc warrior.

Vanquished Creatures
  An orc wizard (D:3)
  3 gnolls (D:2)
  An adder (D:3)
  3 worms
  A dart slug (D:1)
  2 leopard geckos (D:1)
  4 orcs (D:3)
  8 bats
  5 giant cockroaches
  5 hobgoblins
  A ball python (D:1)
  3 frilled lizards
  10 goblins
  7 kobolds
  11 rats
65 creatures vanquished.

Vanquished Creatures (others)
  A kobold (D:2)
1 creature vanquished.

Grand Total: 66 creatures vanquished

Notes
Turn   | Place    | Note
-------+----------+-------------------------------------------
     0 | D:1      | dialouliti the Centaur Ice Elementalist began the quest for
                  | the Orb.
     0 | D:1      | Reached XP level 1. HP: 14/14 MP: 3/3
   241 | D:1      | Reached skill level 3 in Ice Magic
   260 | D:1      | Reached XP level 2. HP: 19/20 MP: 0/4
   358 | D:1      | HP: 1/20 [goblin (4)]
   373 | D:1      | Upgraded the game from 0.24.1-8-ga250c9d538 to
                  | 0.24.1-14-gf8d2b509d9
   650 | D:1      | Reached XP level 3. HP: 7/26 MP: 2/5
   996 | D:2      | Found a stormy altar of Qazlal.
  1393 | D:2      | Reached XP level 4. HP: 10/33 MP: 2/7
  1521 | D:2      | Learned a level 2 spell: Throw Frost
  2503 | D:3      | Reached skill level 1 in Short Blades
  2938 | D:3      | Noticed an orc warrior
  3002 | D:3      | Reached skill level 1 in Armour
  3002 | D:3      | Reached XP level 5. HP: 29/38 MP: 3/8
  3015 | D:4      | Slain by an orc warrior

Levels and vault maps discovered:
D:1:      matt_arrival_refuge, layout_basic
D:2:      layout_basic, grunt_qazlal_clouds
D:3:      layout_basic, nrook_loot_triangle, grunt_ministairs_8
D:4:      layout_cave_pods, lemuel_round_altar, vehumet_altar_wand_db,
          temple_doors_e, serial_shops, nicolae_shop_crystal, first_ration,
          uniq_natasha, uniq_blork_the_orc

Skill      XL: |  1  2  3  4 |
---------------+-------------+-----
Ice Magic      | 3 |  3.8
Spellcasting   | 2 |  2.4
Short Blades   | 1 |  1.0
Armour         | 1 |  1.0
Fighting       | |  0.2
Dodging        | |  1.8
Stealth        | |  1.2
Conjurations   | |  0.8

Action                   |  1- 3 |  4- 6 || total
-------------------------+-------+-------++-------
Melee: Unarmed           |     6 |       ||     6
       Dagger            |   101 |    67 ||   168
       Kick              |    19 |    17 ||    36
 Cast: Freeze            |    34 |    29 ||    63
       Throw Frost       |       |     7 ||     7
  Use: Potion            |     5 |     1 ||     6
  Eat: Chunk             |     1 |     5 ||     6
Armor: Robe              |    11 |       ||    11
       Ring mail         |    33 |    39 ||    72
       Skin              |    12 |       ||    12
Dodge: Dodged            |    47 |    39 ||    86
